 Dungeon Crawl Stone Soup version 0.27.1-33-g824d729ab1 (webtiles) character file.

Game seed: 11176684491862741064

3 Sharkman1231 the Sneak (level 1, -2/18 HPs)
             Began as a Demonspawn Delver on Dec 19, 2021.
             Splashed by a jelly's acid (6 damage)
             ... on level 3 of the Dungeon.
             The game lasted 00:01:29 (855 turns).

Sharkman1231 the Sneak (Demonspawn Delver)           Turns: 855, Time: 00:01:30

Health: -2/18      AC:  4    Str: 12    XL:     1   Next: 41%
Magic:  1/1        EV: 11    Int: 11    God:
Gold:   16         SH:  0    Dex: 14    Spells: 0/0 levels left

rFire    . . .     SeeInvis .   a - +0 mace
rCold    . . .     Faith    +   (no shield)
rNeg     . . .     Spirit   .   b - +0 leather armour
rPois    .         Reflect  .   (no helmet)
rElec    .         Harm     .   (no cloak)
rCorr    .         Rampage  .   (no gloves)
Will     .....                  j - +0 pair of boots
Stlth    ++........             i - amulet of faith
HPRegen  0.06/turn              (no ring)
MPRegen  0.07/turn              (no ring)

@: no status effects
A: no striking features
a: no special abilities


You were on level 3 of the Dungeon.
You visited 2 branches of the dungeon, and saw 4 of its levels.

You collected 16 gold pieces.

Inventory:

Hand Weapons
 a - a +0 mace (weapon)
Missiles
 k - 5 boomerangs (quivered)
Armour
 b - a +0 leather armour (worn)
 j - a +0 pair of boots (worn)
Jewellery
 i - an amulet of faith (around neck)
Wands
 g - a wand of digging (3)
Scrolls
 c - a scroll of fog
 d - a scroll of magic mapping
 e - a scroll of fear
 l - a scroll of identify {unknown}
 m - a scroll of enchant armour {unknown}
Potions
 f - a potion of haste
 h - 2 potions of curing {unknown}


   Skills:
 + Level 3.0 Fighting
 * Level 1.9 Maces & Flails
 + Level 1.8 Dodging
 - Level 4.5 Stealth
 + Level 0.2 Evocations


You couldn't memorise any spells.
You didn't know any spells.
Your spell library was empty.

Dungeon Overview and Level Annotations

Branches:
Dungeon (5/15)             Temple (1/1) D:5

Altars:
Ashenzari
Dithmenos
Elyvilon
Fedhas
Gozag
Hepliaklqana
Kikubaaqudgha
Nemelex Xobeh
Ru
Sif Muna
Trog
Vehumet
Wu Jian
Xom
Yredelemnul
The Shining One

Annotations:
D:5 Menkaure


Message History

A jelly comes into view.
The bat hits you but does no damage. The bat hits you but does no damage.
Found a stone staircase leading up.
The bat hits you. The bat hits you but does no damage.
The bat hits you but does no damage.
The jelly quivers.
Found a stone staircase leading down.
The bat hits you but does no damage.
There is a stone staircase leading up here.
The bat hits you but does no damage. The bat closely misses you.
The bat barely misses you. The bat hits you but does no damage.
The bat closely misses you. The bat hits you but does no damage.
The orc wizard casts a spell.
The orc wizard flickers and vanishes!
Deactivating autopickup; reactivate with Ctrl-A.
The bat closely misses you. The bat barely misses you.
An endoplasm comes into view.
Found an Inescapable Atlas.
The bat misses you. The bat closely misses you. The bat hits you.
The bat hits you but does no damage. The bat hits you but does no damage.
Found a robe.
The bat closely misses you.
You hit the bat.
You kill the bat!
The jelly barely misses you.
You see here a bat corpse.
The jelly hits you.
You are splashed with acid.
You hear the slow rusting of a drain nearby.
An orc comes into view. It is wielding a +0 club.
The helpless orc fails to defend itself.
You hit the orc but do no damage. The orc barely misses you.
The jelly misses you.
You hit the orc.
The orc is heavily wounded.
The orc hits you with a +0 club. The jelly hits you.
* * * LOW HITPOINT WARNING * * *
You are splashed with acid.
You die...

#.########
#...o@JoB##
#.######..# ##.#
#.# #.# #.#
##B############
##[..o.B†......
##########......


You could see a jelly, 2 orcs and a giant cockroach.

Vanquished Creatures
  An orc (Temple)
  A bat (D:3)
2 creatures vanquished.

Notes
Turn   | Place    | Note
-------+----------+-------------------------------------------
     0 | D:5      | Sharkman1231 the Demonspawn Delver began the quest for the
                  | Orb.
     0 | D:5      | Reached XP level 1. HP: 18/18 MP: 1/1
    34 | D:5      | Found a staircase to the Ecumenical Temple.
    40 | D:5      | Noticed an orc wizard
    43 | Temple   | Entered the Ecumenical Temple
   699 | D:5      | Noticed a scorpion
   751 | D:5      | Noticed Menkaure
   802 | D:3      | Noticed an orc wizard
   805 | D:3      | Noticed an iguana
   817 | D:3      | Noticed a jelly
   855 | D:3      | Splashed by a jelly's acid

Illustrated notes

Levels and vault maps discovered:
D:3:      layout_rooms, serial_co_window_serial, co_window_cross_1,
          co_window_corner_a, co_window_corner_a, co_window_paths_b,
          co_window_of_opportunity_a, co_window_of_opportunity_c,
          co_window_broadway_b, co_window_2corner, co_window_cross_4,
          co_window_of_opportunity_c, co_window_2corner, co_window_broadway_b,
          portal_sewer_entry_d, minmay_misc_feat_ornament
D:4:      layout_gridville, mainiacjoe_overflow_alcove_2
D:5:      layout_basic, minitemple, minmay_temple_entry_drinking_statues,
          goddamned_bats, uniq_menkaure
Temple:   minmay_temple_bridge_d

Action                   || total
-------------------------++-------
Melee: Mace              ||    16
  Use: Potion            ||     1
 Stab: Sleeping          ||     1
Armor: Leather armour    ||    18
       Skin              ||     5
Dodge: Dodged            ||    27
